 Dungeon Crawl Stone Soup version 0.27-a0-1139-g28e009f8a6 (webtiles) character file.

Game seed: 14801586458142881475

827 freelancePsychic the Magician (level 7, 0/51 HPs)
             Began as a Djinni Fire Elementalist on May 7, 2021.
             Was a Believer of Nemelex Xobeh.
             Slain by a centaur skeleton (1 damage)
             ... on level 5 of the Dungeon.
             The game lasted 00:13:48 (5569 turns).

freelancePsychic the Magician (DjFE)                Turns: 5569, Time: 00:13:48

Health: 0/51       AC:  8    Str:  7    XL:     7   Next: 97%
Gold:   133        EV: 12    Int: 19    God:    Nemelex Xobeh [**....] SH:  5 Dex: 13

rFire    + + .     SeeInvis .   j - +1 dagger (venom)
rCold    x . .     Faith    .   (no shield)
rNeg     . . .     Spirit   .   a - +0 robe
rPois    ∞         Reflect  +   b - +1 hat {Will+}
rElec    .         Harm     .   r - +2 cloak {rCorr}
rCorr    +         Rampage  .   s - +1 pair of gloves
Will     +....                  (boots unavailable)
Stlth    ++........             k - amulet of reflection
HPRegen  0.17/turn              (no ring)
MPRegen  0.00/turn              (no ring)

@: flying
A: sickness immunity, fire resistance 2, cold vulnerability 1, float, innate
caster, hp casting, extra vitality 1
a: Renounce Religion, Draw Escape, Draw Destruction, Draw Summoning


You were on level 5 of the Dungeon.
You worshipped Nemelex Xobeh.
Nemelex Xobeh was pleased with you.
You visited 1 branch of the dungeon, and saw 5 of its levels.
You also visited: Sewer.

You collected 133 gold pieces.

Inventory:

Hand Weapons
 c - a +0 rapier
 j - a +1 dagger of venom (weapon)
 q - a +2 short sword of draining
Missiles
 m - a curare-tipped dart
Armour
 a - a +0 robe (worn)
 b - a +1 hat of willpower (worn)
 g - a +0 buckler
 r - a +2 cloak of preservation (worn)
 s - a +1 pair of gloves (worn)
 w - a scarf of repulsion
Magical Staves
 d - a staff of earth
Jewellery
 k - an amulet of reflection (around neck)
Scrolls
 h - 5 scrolls of teleportation {@r4}
 o - 2 scrolls of blinking
 t - 3 scrolls of identify {unknown}
 u - a scroll of fear {unknown}
 v - a scroll of magic mapping {unknown}
 x - a scroll of vulnerability {unknown}
Potions
 e - a potion of haste {unknown}
 f - a potion of curing {unknown}
 i - 3 potions of flight {unknown}
 l - 3 potions of heal wounds {unknown}
 n - 2 potions of might {unknown}
 p - 2 potions of brilliance {unknown}
 z - a potion of mutation {unknown}


   Skills:
 + Level 3.9 Fighting
 - Level 2.6 Dodging
 - Level 2.0 Stealth
 * Level 5.7 Spellcasting
 + Level 3.7 Invocations


You couldn't memorise any spells.
You knew the following spells:

 Your Spells              Type           Power      Damage    Failure   Level
a - Foxfire               Conj/Fire      100%       2x1d9     1%          1
b - Sticky Flame          Conj/Fire      27%        2d5       11%         4
c - Inner Flame           Hex/Fire       27%        N/A       3%          3
d - Conjure Flame         Conj/Fire      27%        6-21      3%          3
e - Fireball              Conj/Fire      13%        3d7       30%         5
f - Beastly Appendage     Tmut           54%        N/A       1%          1
g - Corpse Rot            Necr/Air       N/A        N/A       1%          2
h - Tukima's Dance        Hex            27%        N/A       3%          3
Your spell library was empty.

Dungeon Overview and Level Annotations

Branches:
Dungeon (5/15)              Sewer (visited)
 Temple: D:4-7

Altars:
Nemelex Xobeh
Wu Jian

Shops:
D:4 [

Annotations:
D:2 Natasha


Innate Abilities, Weirdness & Mutations

You are immune to sickness and miasma.
You are immune to poison.
Your flesh is very heat resistant. (rF++)
You are vulnerable to cold. (rC-)
You float through the air rather than walking.
You learn spells naturally, not from books.
Your magical power is your life essence.
You have superior vitality. (+4 HP)


Message History

The centaur skeleton hits you but does no damage.
You block the centaur skeleton's attack.
You conjure some foxfire!
The wyvern bites you! The centaur skeleton hits you.
The centaur skeleton kicks you but does no damage.
The wyvern bites you!
You are too injured to fight recklessly!
Casting: Foxfire (safe; 1% risk of failure)
Confirm with . or Enter, or press ? or * to list all spells.
Aiming: Sticky Flame (dangerous; 11% risk of failure)
Press: ? - help, Shift-Dir - straight line, f - wyvern
Aim: a wyvern (lightly wounded, very poisoned, 100% to hit)
The sticky flame hits the wyvern.
The wyvern is moderately wounded.
The wyvern is covered in liquid flames!
The wyvern burns!
The foxfire hits the centaur skeleton.
The centaur skeleton is lightly damaged.
The foxfire hits the centaur skeleton.
The centaur skeleton is lightly damaged.
The centaur skeleton misses you. The centaur skeleton kicks you.
The wyvern misses you.
Casting: Sticky Flame (dangerous; 11% risk of failure)
Confirm with . or Enter, or press ? or * to list all spells.
Aiming: Sticky Flame (dangerous; 11% risk of failure)
Press: ? - help, Shift-Dir - straight line, f - centaur skeleton, p - wyvern
Aim: a centaur skeleton (lightly damaged, 100% to hit)
The sticky flame hits the centaur skeleton!
The centaur skeleton is heavily damaged.
The centaur skeleton is covered in liquid flames!
The centaur skeleton burns!
The wyvern burns!
The wyvern bites you.
* * * LOW HITPOINT WARNING * * *
The centaur skeleton hits you.
* * * LOW HITPOINT WARNING * * *
You block the centaur skeleton's attack.
The wyvern bites you!
* * * LOW HITPOINT WARNING * * *
The centaur skeleton burns!
The wyvern burns!
The centaur skeleton closely misses you.
The centaur skeleton kicks you.
You die...
Your body disappears without a glow.

#########
#.....<.#
#<#
#@#######
#Zl.....#
#........#
#..........
#........##
#........#
..#.#..#.#
##.#.#..#.#
#.#.#### #


You could see a wyvern (burning, poisoned) and a centaur skeleton (burning).

Vanquished Creatures
  Duvessa (D:4)
  A swamp drake (D:4)
  4 kobold brigands (Sewer)
  Dowan (D:4)
  A water moccasin skeleton (D:4)
  Natasha (D:2)
  Terence (D:2)
  Robin (D:2)
  9 adders
  2 river rats (Sewer)
  A shadow imp (D:4)
  3 worms (Sewer)
  5 dart slugs
  7 endoplasms
  4 giant cockroaches
  11 goblins
  7 hobgoblins
  12 jackals
  3 quokkas
  11 ball pythons
  6 bats
  3 frilled lizards
  13 kobolds
  3 rats
111 creatures vanquished.

Vanquished Creatures (others)
  478 foxfires
478 creatures vanquished.

Grand Total: 589 creatures vanquished

Notes
Turn   | Place    | Note
-------+----------+-------------------------------------------
     0 | D:1      | freelancePsychic the Djinni Fire Elementalist began the
                  | quest for the Orb.
     0 | D:1      | Reached XP level 1. HP: 15/15 MP: 0/0
   310 | D:1      | Reached XP level 2. HP: 17/21 MP: 0/0
   552 | D:1      | Reached skill level 3 in Spellcasting
  1031 | D:1      | Reached XP level 3. HP: 24/26 MP: 0/0
  1031 | D:1      | Learned a level 1 spell: Beastly Appendage
  1609 | D:1      | Found a faded altar of an unknown god.
  1612 | D:1      | Became a worshipper of Nemelex Xobeh the Trickster
  1612 | D:1      | Reached * piety under Nemelex Xobeh
  1612 | D:1      | Received a gift from Nemelex Xobeh
  1694 | D:2      | Noticed Robin
  1700 | D:2      | Reached skill level 1 in Fighting
  1892 | D:2      | Reached XP level 4. HP: 17/32 MP: 0/0
  2249 | D:2      | Killed Robin
  2440 | D:2      | Noticed Terence
  2448 | D:2      | Killed Terence
  2449 | D:2      | Reached skill level 1 in Invocations
  2656 | D:2      | Noticed Natasha
  2779 | D:2      | Killed Natasha
  2780 | D:2      | Reached XP level 5. HP: 26/38 MP: 0/0
  2780 | D:2      | Learned a level 2 spell: Corpse Rot
  2787 | D:2      | Noticed Natasha
  2791 | D:3      | Reached ** piety under Nemelex Xobeh
  2900 | D:3      | Reached skill level 4 in Spellcasting
  2945 | D:3      | Found a glowing drain.
  3073 | Sewer    | Entered a sewer
  3450 | Sewer    | Noticed a kobold brigand
  3522 | Sewer    | Noticed a kobold brigand
  3529 | Sewer    | Killed a kobold brigand
  3530 | Sewer    | Reached XP level 6. HP: 42/45 MP: 0/0
  3721 | Sewer    | Reached XP level 7. HP: 48/50 MP: 0/0
  3721 | Sewer    | Learned a level 3 spell: Tukima's Dance
  3818 | Sewer    | Reached skill level 5 in Spellcasting
  4222 | D:3      | Identified a scroll of acquirement
  4222 | D:3      | Acquired a +2 cloak of preservation
  4351 | D:3      | Found an ornate altar of the Wu Jian Council.
  4378 | D:4      | Noticed Sigmund
  4379 | D:4      | Noticed Sigmund
  4379 | D:4      | Sigmund changed into Sigmund the swamp drake
  4397 | D:4      | Killed Sigmund the swamp drake
  4748 | D:4      | Found Qagoesuu's Antique Armour Boutique.
  5363 | D:4      | Noticed Duvessa
  5363 | D:4      | Noticed Dowan
  5373 | D:4      | Killed Dowan
  5375 | D:4      | Killed Duvessa
  5562 | D:5      | Entered Level 5 of the Dungeon
  5562 | D:5      | Noticed a wyvern
  5568 | D:5      | HP: 1/51 [wyvern (11)]
  5569 | D:5      | Slain by a centaur skeleton

Illustrated notes

Levels and vault maps discovered:
D:1:      lightli_iron_boxes, layout_basic,
          shapermc_ecumenical_altar_mp_vishouse
D:2:      layout_rooms, basic_altar, minmay_distorted, uniq_terence, uniq_robin,
          uniq_natasha
D:3:      layout_rooms, lemuel_coloured_pillars_altar, gup_sewer_entry_glass,
          minmay_splitting_lines
D:4:      layout_loops_ring, serial_shops, shop, st_stairs_4, uniq_duvessa,
          uniq_sigmund
D:5:      layout_basic, minmay_temple_entry_slanted, serial_shops, shop,
          hangedman_decor_clover_reticule

Skill      XL: |  1  2  3  4  5  6  7 |
---------------+----------------------+-----
Stealth        | 2 |  2.0
Spellcasting   | 3 4 5 |  5.7
Fighting       | 1 2 3 |  3.9
Invocations    | 1 2 3 |  3.7
Dodging        | |  2.6

Action                   |  1- 3 |  4- 6 |  7- 9 || total
-------------------------+-------+-------+-------++-------
Melee: Dagger            |       |       |     3 ||     3
 Cast: Foxfire           |    92 |   129 |    83 ||   304
       Sticky Flame      |       |       |     4 ||     4
Invok: Draw Destruction  |       |       |     1 ||     1
       Draw Summoning    |       |       |     1 ||     1
  Use: Scroll            |       |     3 |     1 ||     4
 Stab: Sleeping          |       |       |     2 ||     2
Armor: Robe              |     7 |    11 |    13 ||    31
Dodge: Dodged            |    12 |    15 |    12 ||    39
Block: Buckler           |     2 |     1 |       ||     3
       Other             |       |       |     9 ||     9

Table legend: (Time is in decaauts)
 A = Elapsed time spent in this place.
 B = Non-inter-level travel time spent in this place.
 C = Inter-level travel time spent in this place.
 D = Time resting spent in this place.
 E = Time spent auto-exploring this place.
 F = Levels seen in this place.
 G = Mean time per level.
                   A        B        C        D        E       F      G
               +--------+--------+--------+--------+--------+-----+--------+
         Total |   5568 |   5468 |    100 |    784 |   3828 |   6 |  928.0 |
       Dungeon |   4688 |   4588 |    100 |    471 |   3423 |   5 |  937.6 |
         Sewer |    879 |    879 |      0 |    313 |    405 |   1 |  879.0 |
               +--------+--------+--------+--------+--------+-----+--------+

Top non-repeatable levels by time:
     D:1: 1874 daAuts
     D:4: 1188 daAuts
     D:2: 916 daAuts
   Sewer: 879 daAuts
     D:3: 702 daAuts
     D:5: 6 daAuts
